PAAA
FLORIDA MEN @ CALGARY LYNX
07/30/2034
 
TOP OF THE 1ST
Florida Men batting - Pitching for Calgary Lynx : RHP Lorenzo Díaz
Pitching: RHP Lorenzo Díaz
Batting: SHB Henrique de Senna Fernandes 0-0: Ball
1-0: SINGLE (Line Drive, 78S)
Batting: RHB Henry Lambright 0-0: Called Strike
0-1: Ball
1-1: Ball
2-1: 2-RUN HOME RUN (Flyball, 7D), Distance : 399 ft
Batting: RHB Dave Norton 0-0: Called Strike
0-1: Ground out 5-3 (Groundball, 56)
Batting: LHB Iemitsu Hatsutori 0-0: Ball
1-0: Ground out U3 (Groundball, 3L)
Batting: RHB Bob Phillips 0-0: Ball
1-0: Called Strike
Error on foul ball, E2
1-2: Foul Ball, location: 2F
1-2: Ball
2-2: Foul Ball, location: 2F
2-2: Fly out, F7 (Flyball, 78S)
Top of the 1st over - 2 runs, 2 hits, 1 error, 0 left on base; Florida 2 - Calgary 0
BOTTOM OF THE 1ST
Calgary Lynx batting - Pitching for Florida Men : RHP Atila Freska
Pitching: RHP Atila Freska
Batting: RHB Dave Sosa 0-0: Ground out 6-3 (Groundball, 6)
Batting: RHB Jimmy Fick 0-0: Ball
1-0: Ball
2-0: Ball
3-0: Base on Balls
Batting: LHB Michael Ward 0-0: Ball
1-0: Foul Ball, location: 2F
1-1: Ball
2-1: SINGLE (Line Drive, 9LS)
Jimmy Fick to second
Runner from 2nd tries for 3rd, SAFE, no throw
Batting: LHB Daniel García 0-0: Ball
1-0: Fly out, F9 (Flyball, 9S)
Runner from 3rd tags up, OUT at HOME
Bottom of the 1st over - 0 runs, 1 hit, 0 errors, 1 left on base; Florida 2 - Calgary 0
TOP OF THE 2ND
Florida Men batting - Pitching for Calgary Lynx : RHP Lorenzo Díaz
Batting: RHB José Córdova 0-0: Ball
1-0: Ball
2-0: Foul Ball, location: 2F
2-1: Called Strike
2-2: Ball
3-2: Ground out 6-3 (Groundball, 6)
Batting: SHB Spencer Landes 0-0: Ball
1-0: Called Strike
1-1: Swinging Strike
1-2: Strikes out swinging
Batting: LHB Alfred Miles 0-0: Ball
1-0: Ball
2-0: Ball
3-0: Called Strike
3-1: Base on Balls
Batting: LHB Bastyão Lizardo 0-0: Ball
1-0: Swinging Strike
1-1: Foul Ball, location: 2F
1-2: Ball
2-2: Ball
3-2: 2-RUN HOME RUN (Flyball, 9LD), Distance : 349 ft
Batting: SHB Henrique de Senna Fernandes 0-0: Ball
1-0: Fly out, F8 (Flyball, 8LM)
Top of the 2nd over - 2 runs, 1 hit, 0 errors, 0 left on base; Florida 4 - Calgary 0
BOTTOM OF THE 2ND
Calgary Lynx batting - Pitching for Florida Men : RHP Atila Freska
Batting: RHB José de la Cavallería 0-0: Foul Ball, location: 2F
0-1: Ball
1-1: Called Strike
1-2: Strikes out swinging
Batting: RHB Júlio Vargas 0-0: Ball
1-0: Ball
2-0: Ball
3-0: Foul Ball, location: 2F
3-1: Base on Balls
Batting: RHB Luis Delvalle 0-0: Called Strike
0-1: Foul Ball, location: 2F
0-2: Foul Ball, location: 2F
0-2: Foul Ball, location: 2F
0-2: Strikes out swinging
Batting: RHB Rubén Medina 0-0: Fly out, F8 (Flyball, 78D)
Bottom of the 2nd over - 0 runs, 0 hits, 0 errors, 1 left on base; Florida 4 - Calgary 0
TOP OF THE 3RD
Florida Men batting - Pitching for Calgary Lynx : RHP Lorenzo Díaz
Batting: RHB Henry Lambright 0-0: Foul Ball, location: 2F
0-1: Ball
1-1: Ball
2-1: Ball
3-1: Fly out, F7 (Flyball, 7LD)
Batting: RHB Dave Norton 0-0: Ball
1-0: Ball
2-0: Called Strike
2-1: Ground out 6-3 (Groundball, 6)
Batting: LHB Iemitsu Hatsutori 0-0: Ground out 6-3 (Groundball, 6)
Top of the 3rd over - 0 runs, 0 hits, 0 errors, 0 left on base; Florida 4 - Calgary 0
BOTTOM OF THE 3RD
Calgary Lynx batting - Pitching for Florida Men : RHP Atila Freska
Batting: RHB Joe Ferguson 0-0: Called Strike
0-1: Ball
1-1: Ball
2-1: Swinging Strike
2-2: Strikes out swinging
Batting: RHB Dave Sosa 0-0: Called Strike
0-1: Ball
1-1: Fly out, F9 (Flyball, 89S)
Batting: RHB Jimmy Fick 0-0: Called Strike
0-1: Ball
1-1: Foul Ball, location: 2F
1-2: Fly out, F7 (Flyball, 7)
Bottom of the 3rd over - 0 runs, 0 hits, 0 errors, 0 left on base; Florida 4 - Calgary 0
TOP OF THE 4TH
Florida Men batting - Pitching for Calgary Lynx : RHP Lorenzo Díaz
Batting: RHB Bob Phillips 0-0: Ball
1-0: Ball
2-0: Foul Ball, location: 2F
2-1: Ball
3-1: Base on Balls
Batting: RHB José Córdova 0-0: Ball
1-0: Called Strike
1-1: Ball
2-1: Foul Ball, location: 2F
2-2: Ball
3-2: Strikes out looking
Bob Phillips steals 2nd base
Batter strikes out.
Batting: SHB Spencer Landes 0-0: 2-RUN HOME RUN (Line Drive, 9D), Distance : 369 ft
Batting: LHB Alfred Miles 0-0: Ball
1-0: Fly out, F8 (Flyball, 8LD)
Pitching: RHP Juan Deliz
Batting: LHB Bastyão Lizardo 0-0: SINGLE (Groundball, 6MD)
Batting: SHB Henrique de Senna Fernandes 0-0: Foul Ball, location: 2F
0-1: Swinging Strike
0-2: Ball
1-2: Ball
2-2: Ball
3-2: Ground out 1-3 (Groundball, 13)
Top of the 4th over - 2 runs, 2 hits, 0 errors, 1 left on base; Florida 6 - Calgary 0
BOTTOM OF THE 4TH
Calgary Lynx batting - Pitching for Florida Men : RHP Atila Freska
Batting: LHB Michael Ward 0-0: Called Strike
0-1: Ground out 1-3 (Groundball, 13)
Batting: LHB Daniel García 0-0: Called Strike
0-1: Foul Ball, location: 2F
0-2: Ball
1-2: SINGLE (Groundball, 34D)
Batting: RHB José de la Cavallería 0-0: Foul Ball, location: 2F
0-1: Foul Ball, location: 2F
0-2: Strikes out looking
Batting: RHB Júlio Vargas 0-0: Called Strike
0-1: Swinging Strike
0-2: Ball
1-2: Ground out 6-3 (Groundball, 6)
Bottom of the 4th over - 0 runs, 1 hit, 0 errors, 1 left on base; Florida 6 - Calgary 0
TOP OF THE 5TH
Florida Men batting - Pitching for Calgary Lynx : RHP Juan Deliz
Batting: RHB Henry Lambright 0-0: Ball
1-0: Ball
2-0: Foul Ball, location: 2F
2-1: Ball
3-1: Swinging Strike
3-2: Fly out, F7 (Flyball, 7LSF)
Batting: RHB Dave Norton 0-0: Called Strike
0-1: Ground out 5-3 (Groundball, 5)
Batting: LHB Iemitsu Hatsutori 0-0: Ball
1-0: Swinging Strike
1-1: Called Strike
1-2: Ball
2-2: Foul Ball, location: 2F
2-2: Strikes out swinging
Top of the 5th over - 0 runs, 0 hits, 0 errors, 0 left on base; Florida 6 - Calgary 0
BOTTOM OF THE 5TH
Calgary Lynx batting - Pitching for Florida Men : RHP Atila Freska
Batting: RHB Luis Delvalle 0-0: Ball
1-0: Swinging Strike
1-1: Foul Ball, location: 2F
1-2: Foul Ball, location: 2F
1-2: Foul Ball, location: 2F
1-2: Strikes out swinging
Batting: RHB Rubén Medina 0-0: Ball
1-0: Called Strike
1-1: Ball
2-1: Foul Ball, location: 2F
2-2: Fly out, F2 (Popup, 25F)
Batting: RHB Joe Ferguson 0-0: Ball
1-0: Ball
2-0: Ball
3-0: Called Strike
3-1: Called Strike
3-2: Foul Ball, location: 2F
3-2: Ground out U3 (Groundball, 34)
Bottom of the 5th over - 0 runs, 0 hits, 0 errors, 0 left on base; Florida 6 - Calgary 0
TOP OF THE 6TH
Florida Men batting - Pitching for Calgary Lynx : RHP Juan Deliz
Batting: RHB Bob Phillips 0-0: Ball
1-0: Ground out 6-3 (Groundball, 6)
Batting: RHB José Córdova 0-0: Ground out 6-3 (Groundball, 6M)
Batting: SHB Spencer Landes 0-0: Ground out U3 (Groundball, 34S)
Top of the 6th over - 0 runs, 0 hits, 0 errors, 0 left on base; Florida 6 - Calgary 0
BOTTOM OF THE 6TH
Calgary Lynx batting - Pitching for Florida Men : RHP Atila Freska
Batting: RHB Dave Sosa 0-0: Ball
1-0: Swinging Strike
1-1: Ball
2-1: Ball
3-1: Swinging Strike
3-2: SINGLE (Flyball, 7LS)
Batting: RHB Jimmy Fick 0-0: Ball
1-0: Swinging Strike
1-1: Ball
2-1: Foul Ball, location: 2F
2-2: Ball
3-2: Fly out, F9 (Flyball, 9S)
Batting: LHB Michael Ward 0-0: Ball
1-0: SINGLE (Groundball, 56D)
Dave Sosa to second
Batting: LHB Daniel García 0-0: Ball
Dave Sosa is caught stealing 3rd base
1-0: SINGLE (Line Drive, 9LS)
Michael Ward to second
Runner from 2nd tries for 3rd, SAFE, no throw
Batting: RHB José de la Cavallería 0-0: Ball
1-0: Ball
2-0: Called Strike
2-1: Called Strike
2-2: Ball
3-2: Base on Balls
Daniel García to second
Pitching: RHP Earl Simmons
Batting: RHB Júlio Vargas 0-0: Ball
1-0: Swinging Strike
1-1: Foul Ball, location: 2F
1-2: Ball
2-2: Strikes out swinging
Bottom of the 6th over - 0 runs, 3 hits, 0 errors, 3 left on base; Florida 6 - Calgary 0
TOP OF THE 7TH
Florida Men batting - Pitching for Calgary Lynx : RHP Juan Deliz
Batting: LHB Alfred Miles 0-0: Ball
1-0: Swinging Strike
1-1: Called Strike
1-2: Foul Ball, location: 2F
1-2: Ball
2-2: Ball
3-2: Base on Balls
Batting: LHB Bastyão Lizardo 0-0: Called Strike
0-1: Foul Ball, location: 2F
0-2: Foul Ball, location: 2F
0-2: Fielders Choice at 2nd, 3-6 (Groundball, 3)
Batting: SHB Henrique de Senna Fernandes 0-0: Ball
1-0: Swinging Strike
1-1: Fly out, F8 (Line Drive, 78M)
Batting: RHB Henry Lambright 0-0: Ball
1-0: Called Strike
1-1: Ball
2-1: Called Strike
2-2: Foul Ball, location: 2F
2-2: Strikes out swinging
Top of the 7th over - 0 runs, 0 hits, 0 errors, 1 left on base; Florida 6 - Calgary 0
BOTTOM OF THE 7TH
Calgary Lynx batting - Pitching for Florida Men : RHP Earl Simmons
Batting: RHB Luis Delvalle 0-0: Called Strike
0-1: Foul Ball, location: 2F
0-2: Strikes out swinging
Batting: RHB Rubén Medina 0-0: Called Strike
0-1: Swinging Strike
0-2: Strikes out swinging
Batting: RHB Joe Ferguson 0-0: Ball
1-0: Ground out 4-3 (Groundball, 4M)
Bottom of the 7th over - 0 runs, 0 hits, 0 errors, 0 left on base; Florida 6 - Calgary 0
TOP OF THE 8TH
Florida Men batting - Pitching for Calgary Lynx : RHP Juan Deliz
Batting: RHB Dave Norton 0-0: Called Strike
0-1: Ball
1-1: Foul Ball, location: 2F
1-2: Strikes out swinging, 2-3 out at first.
Batting: LHB Iemitsu Hatsutori 0-0: Ball
1-0: Ground out 6-3 (Groundball, 6M)
Batting: RHB Bob Phillips 0-0: Ball
1-0: Ball
2-0: Foul Ball, location: 2F
2-1: Fly out, F8 (Flyball, 8LS)
Top of the 8th over - 0 runs, 0 hits, 0 errors, 0 left on base; Florida 6 - Calgary 0
BOTTOM OF THE 8TH
Calgary Lynx batting - Pitching for Florida Men : RHP Earl Simmons
Batting: RHB Dave Sosa 0-0: Called Strike
0-1: Ball
1-1: Fly out, F2 (Popup, 23F)
Batting: RHB Jimmy Fick 0-0: Ball
1-0: Swinging Strike
1-1: Foul Ball, location: 2F
1-2: Ball
2-2: Foul Ball, location: 2F
2-2: Ground out 6-3 (Groundball, 6)
Batting: LHB Michael Ward 0-0: SINGLE (Flyball, 7S)
Batting: LHB Daniel García 0-0: Called Strike
0-1: Ball
1-1: Swinging Strike
1-2: Foul Ball, location: 2F
1-2: Ball
2-2: Strikes out swinging, 2-3 out at first.
Bottom of the 8th over - 0 runs, 1 hit, 0 errors, 1 left on base; Florida 6 - Calgary 0
TOP OF THE 9TH
Florida Men batting - Pitching for Calgary Lynx : RHP Juan Deliz
Batting: RHB José Córdova 0-0: Called Strike
0-1: Swinging Strike
0-2: Ball
1-2: Ground out 6-3 (Groundball, 6)
Batting: SHB Spencer Landes 0-0: Swinging Strike
0-1: Fly out, F9 (Flyball, 9D)
Batting: LHB Alfred Miles 0-0: Ball
1-0: Ball
2-0: Called Strike
2-1: Fly out, F9 (Line Drive, 9LM)
Top of the 9th over - 0 runs, 0 hits, 0 errors, 0 left on base; Florida 6 - Calgary 0
BOTTOM OF THE 9TH
Calgary Lynx batting - Pitching for Florida Men : RHP Earl Simmons
Batting: RHB José de la Cavallería 0-0: Called Strike
0-1: Ball
1-1: Ball
2-1: Ball
3-1: Foul Ball, location: 2F
3-2: Strikes out swinging
Batting: RHB Júlio Vargas 0-0: Called Strike
0-1: Foul Ball, location: 2F
0-2: Strikes out swinging
Batting: RHB Luis Delvalle 0-0: Ball
1-0: Ground out 6-3 (Groundball, 6)
Bottom of the 9th over - 0 runs, 0 hits, 0 errors, 0 left on base; Florida 6 - Calgary 0
Friday, March 29th, 2019 - OOTP Baseball 18.8 Build 76